 Dungeon Crawl Stone Soup version 0.22-a0-305-gd21a89c (webtiles) character file.

717 vishdafish the Slasher (level 7, -1/53 HPs)
             Began as a Demonspawn Fighter on Mar 30, 2018.
             Was a Believer of Ru.
             Slain by a howler monkey (2 damage)
             ... on level 5 of the Dungeon.
             The game lasted 00:10:39 (3572 turns).

vishdafish the Slasher (Demonspawn Fighter)         Turns: 3572, Time: 00:10:40

Health: -1/53      AC:  7    Str: 13 (16) XL:     7   Next: 42%
Magic:  7/7        EV:  6    Int: 10 (12) God:    Ru [**....]
Gold:   206        SH: 13    Dex: 10 (12) Spells: 6/6 levels left

rFire    . . .     SeeInvis .   a - +0 long sword
rCold    + . .     Gourm    .   c - +1 shield
rNeg     + . .     Faith    .   b - +0 scale mail
rPois    .         Spirit   .   (helmet restricted)
rElec    .         Reflect  .   (no cloak)
rCorr    .         Harm     .   (no gloves)
MR       +....                  (no boots)
Stlth    +.........             e - amulet of regeneration
HPRegen  0.57/turn              n - ring of protection from magic
MPRegen  0.10/turn              o - ring of positive energy

@: very slightly contaminated
A: horns 1, large bone plates 1, cold resistance 1, powered by death 1,
unskilled 1
a: Renounce Religion


You were on level 5 of the Dungeon.
You worshipped Ru.
Ru was pleased with you.
You were very hungry.

You visited 1 branch of the dungeon, and saw 6 of its levels.

You collected 206 gold pieces.

Inventory:

Hand Weapons
 a - a +0 long sword (weapon)
Armour
 b - a +0 scale mail (worn)
 c - a +1 shield (worn)
Jewellery
 e - an amulet of regeneration (around neck)
 n - a ring of protection from magic (left hand)
 o - a ring of positive energy (right hand)
Wands
 t - a wand of digging (10)
Scrolls
 g - 2 scrolls of random uselessness
 h - 2 scrolls of enchant armour
 k - a scroll of noise
 l - 2 scrolls of remove curse
 m - a scroll of identify
Potions
 u - 2 potions of curing
Comestibles
 f - 4 rations


   Skills:
 - Level 3.7 Fighting
 * Level 4.3 Long Blades
 + Level 3.7 Armour
 * Level 2.6 Stealth
 + Level 3.8 Shields


You had 6 spell levels left.
You didn't know any spells.

Dungeon Overview and Level Annotations

Branches:
Dungeon (6/15)
 Temple: D:4-7

Altars:
Qazlal
Ru
Vehumet
The Shining One

Annotations:
D:6 vishdafish's ghost, novice DsFE


Innate Abilities, Weirdness & Mutations

You have a pair of small horns on your head.
You are partially covered in large bone plates. (SH +4)
Your flesh is cold resistant. (rC+)
You regenerate a little health from kills.
You are somewhat unskilled. (-1 Apt)


Message History

Inscribe which item? (? for menu, Esc to quit)
Okay, then.
An ogre comes into view. It is wielding a giant spiked club.
The ogre shouts!
You block the bullfrog zombie's attack.
The howler monkey hoots and howls with incredible vigour!
You block the bullfrog zombie's attack.
You hear a bark! x2
A crimson imp comes into view.
The crimson imp blinks!
Okay, then.
Evoke which item? (* to show all) (? for menu, Esc to quit)
Aiming: Dig
Press: ? - help, Shift-Dir - straight line The rock shatters into small pieces.
You block the howler monkey's attack. The bullfrog zombie hits you.
The ogre hits you with a giant spiked club!
* * * LOW HITPOINT WARNING * * *
The howler monkey hits you.
You die...

#........#
#+#........#
#........############
#........Z.....#.....
#..$.#####.S.........
#:..# ##..........
#..# ##Os...)... #..
#ZOh###### #.
#.@......ยง
#.######## #.# #.#
#.. #.# #.# ..


You could see 2 ogres, a scorpion, a howler monkey, an adder, a bullfrog zombie
and an adder skeleton.

Vanquished Creatures
  2 centaurs (D:6)
  A scorpion (D:6)
  A howler monkey (D:6)
  A hound (D:3)
  An orc priest (D:3)
  A bullfrog skeleton (D:6)
  2 iguanas
  4 orc wizards
  6 adders
  2 river rats (D:6)
  3 oozes
  An adder zombie (D:6)
  An adder skeleton (D:6)
  4 worms
  2 dart slugs
  6 leopard geckos
  18 orcs
  6 bats
  5 giant cockroaches
  7 goblins
  5 hobgoblins
  9 kobolds
  3 quokkas
  A ball python (D:2)
  A frilled lizard (D:2)
  14 rats
107 creatures vanquished.

Notes
Turn   | Place    | Note
-------+----------+-------------------------------------------
     0 | D:1      | vishdafish the Demonspawn Fighter began the quest for the Orb.
     0 | D:1      | Reached XP level 1. HP: 18/18 MP: 1/1
    41 | D:1      | Reached skill level 2 in Long Blades
    48 | D:1      | Gained mutation: You regenerate a little health from kills. [demonic ancestry]
    48 | D:1      | Reached XP level 2. HP: 18/24 MP: 2/2
   540 | D:2      | Reached XP level 3. HP: 27/29 MP: 3/3
   868 | D:2      | Found a faded altar of an unknown god.
   944 | D:2      | Gained mutation: Your flesh is cold resistant. (rC+) [demonic ancestry]
   944 | D:2      | Reached XP level 4. HP: 35/35 MP: 4/4
  1174 | D:2      | Found a stormy altar of Qazlal.
  1327 | D:2      | Found a sacrificial altar of Ru.
  1465 | D:2      | Became a worshipper of Ru the Awakened
  1805 | D:3      | Found a glowing golden altar of the Shining One.
  1882 | D:3      | Reached skill level 3 in Long Blades
  2104 | D:3      | Gained mutation: You have a pair of small horns on your head. [demonic ancestry]
  2104 | D:3      | Reached XP level 5. HP: 39/42 MP: 5/5
  3125 | D:4      | You fall through a shaft for 2 floors!
  3136 | D:6      | Gained mutation: You are partially covered in large bone plates. (SH +4) [demonic ancestry]
  3136 | D:6      | Reached XP level 6. HP: 48/48 MP: 6/6
  3215 | D:6      | Reached skill level 4 in Long Blades
  3215 | D:6      | Reached skill level 1 in Stealth
  3411 | D:6      | Reached XP level 7. HP: 48/54 MP: 7/7
  3447 | D:6      | Noticed vishdafish's ghost (novice DsFE)
  3558 | D:5      | Entered Level 5 of the Dungeon
  3558 | D:5      | Found a radiant altar of Vehumet.
  3560 | D:5      | Gained mutation: You are somewhat unskilled. (-1 Apt) [Ru sacrifice]
  3560 | D:5      | Reached * piety under Ru
  3560 | D:5      | Reached ** piety under Ru
  3572 | D:5      | HP: 1/53 [ogre/giant spiked club (16)]
  3572 | D:5      | Slain by a howler monkey

Vault maps used:
D:1:      dpeg_arrival_shelter
D:2:      lemuel_coloured_pillars_altar, marbit_many_paths,
          chequers_ecumenical_altar_island, grunt_decor_one_mirror,
          minmay_misc_feat_encased
D:3:      tso_altar, first_ration
D:4:      zin_scriptorium, uniq_menkaure, uniq_robin, uniq_eustachio,
          uniq_duvessa
D:5:      fiery_altar_vehumet, lemuel_round_altar, nemelex_altar_shiori,
          lemuel_crystal_altar, minmay_temple_entry_fiery
D:6:      lightli_sewer_entry_pipes, hangedman_glass_teeth, solitary_fountain

Skill      XL: |  1  2  3  4  5  6  7 |
---------------+----------------------+-----
Long Blades    | 2 3 4 |  4.3
Armour         | 3 3 |  3.7
Shields        | 3 4 3 |  3.8
Fighting       | 4 3 |  3.7
Stealth        | 2 |  2.6

Action                   |  1- 3 |  4- 6 |  7- 9 || total
-------------------------+-------+-------+-------++-------
Melee: Long sword        |   142 |   267 |    50 ||   459
       Headbutt          |       |    32 |     6 ||    38
Invok: Sacrifice Skill   |       |       |     1 ||     1
Evoke: Wand              |       |       |     1 ||     1
  Use: Potion            |     3 |     1 |     3 ||     7
       Scroll            |       |     7 |     4 ||    11
  Eat: Ration            |       |     2 |       ||     2
       Chunk             |       |     2 |       ||     2
Armor: Scale mail        |    83 |    78 |    14 ||   175
Dodge: Dodged            |    47 |    68 |    14 ||   129
Block: Shield            |    86 |   142 |    56 ||   284
       Rpst.: Long sword |    18 |    18 |     4 ||    40

Table legend:
 A = Spawn XP
 B = Non-spawn XP
 C = Spawn XP percentage of total XP
 D = Spawn monster count
 E = Non-spawn monster count
 F = Spawn count percentage of total count
 G = Total turns spent on level
                    A         B        C        D         E        F      G
               +---------+---------+-------+---------+---------+-------+---------
         Total |       0 |    1025 |   0.0 |       0 |     107 |   0.0 |  3572
               +---------+---------+-------+---------+---------+-------+---------
           D:1 |       0 |      33 |   0.0 |       0 |      15 |   0.0 |   473
           D:2 |       0 |      73 |   0.0 |       0 |      23 |   0.0 |  1035
           D:3 |       0 |     180 |   0.0 |       0 |      27 |   0.0 |  1457
           D:4 |       0 |      93 |   0.0 |       0 |       9 |   0.0 |   160
           D:6 |       0 |     646 |   0.0 |       0 |      33 |   0.0 |   433
               +---------+---------+-------+---------+---------+-------+---------
